 Dungeon Crawl Stone Soup version 0.24-a0-201-gf205589 (webtiles) character file.

Game seed: 17636171787085512135

352 Kurtz the Chopper (level 6, -7/47 HPs)
             Began as a Mummy Chaos Knight on Mar 21, 2019.
             Was a Plaything of Xom.
             Mangled by an orc priest
             ... wielding a +0 whip of electrocution
              (13 damage)
             ... on level 4 of the Dungeon.
             The game lasted 00:04:11 (3193 turns).

Kurtz the Chopper (Mummy Chaos Knight)              Turns: 3193, Time: 00:04:11

Health: -7/47      AC: 11    Str: 15    XL:     6   Next: 34%
Magic:  6/6        EV:  4    Int: 12    God:    Xom [...*..]
Gold:   131        SH:  0    Dex: 13    Spells: 5/5 levels left

rFire    x . .     SeeInvis .   a - +0 hand axe (chaos)
rCold    + . .     Gourm    .   (no shield)
rNeg     + + +     Faith    .   g - +1 plate armour
rPois    ∞         Spirit   .   (no helmet)
rElec    .         Reflect  .   (no cloak)
rCorr    .         Harm     .   (no gloves)
MR       .....     Rnd*Tele +   (no boots)
Stlth    ..........             (no amulet)
HPRegen  0.15/turn              (no ring)
MPRegen  0.10/turn              i - ring of teleportation

@: no status effects
A: no food or potions, fire vulnerability, cold resistance 1, negative energy
resistance 3, torment resistance, unbreathing
a: Renounce Religion


You were on level 4 of the Dungeon.
You worshipped Xom.
You were a favourite toy of Xom.
You were not hungry.

You visited 1 branch of the dungeon, and saw 4 of its levels.

You collected 131 gold pieces.

Inventory:

Hand Weapons
 a - a +0 hand axe of chaos (weapon)
Missiles
 o - a throwing net (quivered)
Armour
 b - a +2 leather armour
 g - a +1 plate armour (worn)
 h - a +0 large shield
Jewellery
 i - a ring of teleportation (right hand)
Scrolls
 c - a scroll of immolation {unknown}
 d - a scroll of fog
 e - 2 scrolls of remove curse
 f - 2 scrolls of identify
 j - 2 scrolls of enchant weapon
 k - a scroll of amnesia
 l - a scroll of noise
 m - a scroll of teleportation {unknown}
 n - 2 scrolls of enchant armour


   Skills:
 - Level 3.3 Fighting
 - Level 5.5 Axes
 - Level 1.5 Armour
 - Level 0.7 Dodging
 * Level 1.4 Shields


You had 5 spell levels left.
You didn't know any spells.
Your spell library was empty.

Dungeon Overview and Level Annotations

Branches:
Dungeon (4/15)
 Temple: D:4-7

Altars:
Ashenzari
Xom


Innate Abilities, Weirdness & Mutations

You do not eat or drink.
Your flesh is vulnerable to fire.
You are immune to poison.
Your flesh is cold resistant. (rC+)
You are immune to negative energy. (rN+++)
You are immune to unholy pain and torment.
You can survive without breathing.


Message History

The orc priest hits you with a +0 whip of electrocution.
You are electrocuted!
You hit the orc priest but do no damage.
The orc priest barely misses you.
You barely miss the orc priest.
The orc priest hits you but does no damage.
Your plate armour prevents you from hitting the orc priest.
The orc priest hits you but does no damage.
You are electrocuted!
You hit the orc priest. You freeze the orc priest.
The orc priest is moderately wounded.
The orc priest hits you but does no damage.
You are electrocuted!
* * * LOW HITPOINT WARNING * * *
You are too injured to fight recklessly!
You hit the orc priest.
The orc priest seems to slow down.
The orc priest is heavily wounded.
The orc priest hits you but does no damage.
You are electrocuted!
You die...

.# #.........####...# ..
+.........+....... #o
#..[.....%####.... #.
##.......## ##.#. #.
##.>...## ###. ##o##
##...## #. #...## ##'##
#. #...o#########.# #<
#..o.#..oo@....# #.
####o#.######..#######
#. #.#.# ##........# #.
#.#.#####.....###.# #.
#.o....###...## #.# #.
###.........#####.#####.
####..................
#####..#####.###### #..#
#.#


You could see an orc priest and an orc.

Vanquished Creatures
  A bullfrog skeleton (D:4)
  An orc priest (D:4)
  Terence (D:3)
  A hound zombie (D:2)
  7 gnolls
  7 adders
  A howler monkey skeleton (D:4)
  An ooze (D:3)
  3 worms
  4 dart slugs
  3 leopard geckos
  5 orcs
  A ball python (D:2)
  2 giant cockroaches
  9 hobgoblins
  2 jackals (D:3)
  10 kobolds
  2 quokkas
  7 bats
  5 frilled lizards
  7 goblins
  A leopard gecko skeleton (D:4)
  11 rats
92 creatures vanquished.

Vanquished Creatures (collateral kills)
  A kobold (D:2)
  A rat (D:1)
2 creatures vanquished.

Vanquished Creatures (others)
  A gnoll (D:4)
1 creature vanquished.

Grand Total: 95 creatures vanquished

Notes
Turn   | Place    | Note
-------+----------+-------------------------------------------
     0 | D:1      | Kurtz the Mummy Chaos Knight began the quest for the Orb.
     0 | D:1      | Reached XP level 1. HP: 18/18 MP: 1/1
    81 | D:1      | XOM: potion effect (curing)
    98 | D:1      | Reached skill level 3 in Axes
    98 | D:1      | Reached XP level 2. HP: 5/24 MP: 2/2
   315 | D:1      | XOM: harmless Pois miscast
   700 | D:1      | XOM: harmless Summ miscast
   906 | D:2      | XOM: cast spell 'Summon Small Mammal'
   913 | D:2      | Reached XP level 3. HP: 28/29 MP: 3/3
   963 | D:2      | Found a faded altar of an unknown god.
   963 | D:2      | XOM: potion effect (haste)
  1201 | D:2      | Reached skill level 4 in Axes
  1202 | D:2      | Reached XP level 4. HP: 33/35 MP: 4/4
  1241 | D:2      | XOM: mild Chrm miscast
  1302 | D:2      | Found a shattered altar of Ashenzari.
  1411 | D:2      | XOM: polymorph frilled lizard -> gnoll
  1555 | D:2      | XOM: enchant monster (bad)
  1774 | D:3      | XOM: smoke on damage
  1784 | D:2      | XOM: harmless Fire miscast
  1794 | D:2      | XOM: scenery: create altars
  1858 | D:1      | XOM: cloud trail
  2080 | D:3      | Reached XP level 5. HP: 35/41 MP: 5/5
  2359 | D:3      | Reached skill level 5 in Axes
  2412 | D:3      | Noticed Terence
  2419 | D:3      | XOM: smoke on damage
  2425 | D:3      | Killed Terence
  2520 | D:3      | XOM: harmless Chrm miscast
  2590 | D:3      | XOM: summons 3 hostile shadow creatures
  2963 | D:4      | Reached XP level 6. HP: 46/47 MP: 6/6
  3050 | D:4      | XOM: enchant monster (bad)
  3160 | D:4      | XOM: enchant monster (good)
  3176 | D:4      | Reached skill level 1 in Shields
  3193 | D:4      | Mangled by an orc priest

Levels and vault maps discovered:
D:1:      evilmike_arrival_run_for_it, layout_loops_ring
D:2:      layout_loops_ring, ashenzari_conservatory_becter,
          chequers_ecumenical_altar_island
D:3:      layout_rooms, uniq_terence
D:4:      layout_loops_corners, gammafunk_temple_overflow_claw, uniq_robin

Skill      XL: |  1  2  3  4  5  6 |
---------------+-------------------+-----
Axes           | 3 4 5 |  5.5
Shields        | 1 |  1.4
Fighting       | |  3.3
Armour         | |  1.5
Dodging        | |  0.7

Action                   |  1- 3 |  4- 6 || total
-------------------------+-------+-------++-------
Melee: Hand axe          |   129 |   224 ||   353
  Use: Scroll            |       |     7 ||     7
 Stab: Paralysed         |       |     3 ||     3
       Petrified         |       |     3 ||     3
       Confused          |       |     1 ||     1
Armor: Leather armour    |    11 |       ||    11
       Plate armour      |    69 |   179 ||   248
Dodge: Dodged            |    33 |    44 ||    77

Table legend:
 A = Non-vault XP
 B = Vault XP
 C = Vault XP percentage of total XP
 D = Non-vault monster count
 E = Vault monster count
 F = Vault count percentage of total count
                 A         B        C        D         E       F
            +---------+---------+-------+---------+---------+-------
      Total |     462 |      41 |   8.2 |      93 |       2 |   2.1
            +---------+---------+-------+---------+---------+-------
        D:1 |      29 |       5 |  14.7 |      17 |       1 |   5.6
        D:2 |     142 |       0 |   0.0 |      34 |       0 |   0.0
        D:3 |     126 |      36 |  22.2 |      31 |       1 |   3.1
        D:4 |     165 |       0 |   0.0 |      11 |       0 |   0.0
            +---------+---------+-------+---------+---------+-------
